 Dungeon Crawl Stone Soup version 0.22-a0-407-gb098539 (webtiles) character file.

2 dstrtnsr the Chopper (level 1, 10/20 HPs)
             Began as a Hill Orc Berserker on May 9, 2018.
             Was a Follower of Trog.
             Quit the game on level 1 of the Dungeon.
             The game lasted 00:00:24 (140 turns).

dstrtnsr the Chopper (Hill Orc Berserker)            Turns: 140, Time: 00:00:24

Health: 10/20      AC:  2    Str: 19    XL:     1   Next: 40%
Magic:  1/1        EV: 12    Int:  7    God:    Trog [*.....]
Gold:   16         SH:  0    Dex: 10    Spells: 0/0 levels left

rFire    . . .     SeeInvis .   a - +0 hand axe
rCold    . . .     Gourm    .   (no shield)
rNeg     . . .     Faith    .   b - +0 animal skin
rPois    .         Spirit   .   (no helmet)
rElec    .         Reflect  .   (no cloak)
rCorr    .         Harm     .   (no gloves)
MR       .....                  (no boots)
Stlth    +.........             (no amulet)
HPRegen  0.06/turn              (no ring)
MPRegen  0.07/turn              (no ring)

@: no status effects
A: no striking features
a: Berserk, Renounce Religion


You were on level 1 of the Dungeon.
You worshipped Trog.
Trog was aware of your devotion.
You were not hungry.

You visited 1 branch of the dungeon, and saw 1 of its levels.

You collected 16 gold pieces.

Inventory:

Hand Weapons
 a - a +0 hand axe (weapon)
Armour
 b - a +0 animal skin (worn)
Scrolls
 c - a scroll of enchant weapon {unknown}
Comestibles
 e - a ration {!d}


   Skills:
 + Level 3.7 Fighting
 * Level 4.2 Axes
 - Level 2.1 Armour
 - Level 1.5 Dodging


You couldn't memorise any spells.
You didn't know any spells.

Dungeon Overview and Level Annotations

Branches:
Dungeon (1/15)

Altars:


Message History

e - a ration Welcome, dstrtnsr the Hill Orc Berserker.
Will you be the one to retrieve the fabulous Orb of Zot from the depths?
Trog says: Kill them all!
Press ? for a list of commands and other information.
Found 16 gold pieces and a robe.
Found a staircase leading out of the dungeon.
You now have 16 gold pieces.
c - a scroll labeled BEURUDI ZIASIA You open the door.
There is an open door here.
You open the door.
The kobold shouts!
There is an open door here.
Key pressed, stopping explore.
Key pressed, stopping explore.
You open the door.
The goblin shouts!
The goblin throws a stone.
The stone hits you.
A goblin is nearby!
A goblin is nearby!
A goblin is nearby!
A goblin is nearby!
A goblin is nearby!
No reachable target in view!
No reachable target in view!
A goblin is nearby!
A goblin is nearby!
A goblin is nearby!
The goblin shouts!
The goblin throws a stone.
The stone closely misses you.
The goblin throws a stone.
The stone hits you but does no damage.
You see here 2 stones.
The goblin throws a stone.
The stone closely misses you.
The goblin throws a stone.
The stone barely misses you.
You see here 2 stones.
HP restored.
You open the door.
The hobgoblin shouts!
You hear a shout!
The hobgoblin throws a stone.
The stone barely misses you.
There is an open door here.
A hobgoblin is nearby!
A hobgoblin is nearby!
A hobgoblin is nearby!
A hobgoblin is nearby!
No reachable target in view!
The hobgoblin throws a stone.
The stone misses you.
You see here a stone.
There is an open door here.
You open the door.
There is an open door here.
As you open the door, it creaks loudly!
The kobold is too close now for your liking.
A kobold is nearby!
A kobold is nearby!
A kobold is nearby!
The kobold hits you with a mace.
There is an open door here.
You hit the kobold.
You kill the kobold!
Trog accepts your kill.
No target in view!
No target in view!
No target in view!
No target in view!
Unknown command.
No target in view!
No target in view!
No target in view!
Unknown command.
A goblin is nearby!
A goblin is nearby!
The goblin throws a stone.
The stone closely misses you.
There is an open door here.
You see here a stone.
The goblin hits you.
You closely miss the goblin. The goblin hits you.
You hit the goblin.
The goblin is severely wounded.
The goblin closely misses you.
You closely miss the goblin.
The goblin is heavily wounded.
The goblin hits you.
You hit the goblin.
The goblin is severely wounded.
The goblin hits you.
You slash the goblin!
You kill the goblin!
Trog accepts your kill.
No target in view!
Unknown command.
You aren't carrying any potions.
Are you sure you want to abandon this character and quit the game? (Confirm with "yes".)

### #≈≈≈...$.≈≈≈# ###.##
# #....)......# ##.#
#####'###### #.# ####
###8#8(8### #####.##
≈..###.........###...##.#
≈..##....(......##....#.#
.g.#'............#....#.#
g..'8.....<...........'.#
...##...........@#....#.#
≈..##[..........##....#.#
≈..###.........###...##.#
#### ####8+8#### #####.##
######+###### #.# #
#.....g.....# ##.# ###
#≈≈≈..g..≈≈≈# ###.##
..#####§≈≈≈≈≈§#####..##
##...#####'#####...###


There were no monsters in sight!

Vanquished Creatures
  A goblin (D:1)
  A kobold (D:1)
2 creatures vanquished.

Notes
Turn   | Place    | Note
-------+----------+-------------------------------------------
     0 | D:1      | dstrtnsr the Hill Orc Berserker began the quest for the Orb.
     0 | D:1      | Reached XP level 1. HP: 19/19 MP: 1/1
   140 | D:1      | Quit the game

Vault maps used:
D:1:      dpeg_arrival_morbid_curiosity

Action                   || total
-------------------------++-------
Melee: Hand axe          ||     6
Dodge: Dodged            ||     7

Table legend:
 A = Spawn XP
 B = Non-spawn XP
 C = Spawn XP percentage of total XP
 D = Spawn monster count
 E = Non-spawn monster count
 F = Spawn count percentage of total count
 G = Total turns spent on level
                    A         B        C        D         E        F      G
               +---------+---------+-------+---------+---------+-------+---------
         Total |       0 |       4 |   0.0 |       0 |       2 |   0.0 |   140
               +---------+---------+-------+---------+---------+-------+---------
           D:1 |       0 |       4 |   0.0 |       0 |       2 |   0.0 |   140
               +---------+---------+-------+---------+---------+-------+---------
